 Dungeon Crawl Stone Soup version 0.32-a0-995-gb4a59205af (webtiles) character file.

Game seed: 14772205793712017774

119 Armakuni the Covered (level 5, -1/61 HPs)
             Began as a Human Wanderer on Apr 22, 2024.
             Was an Initiate of Elyvilon.
             Incinerated by a bombardier beetle (3 damage)
             ... with a burning spray
             ... on level 3 of the Dungeon.
             The game lasted 00:05:29 (1966 turns).

Armakuni the Covered (Human Wanderer)               Turns: 1966, Time: 00:05:30

Health: -1/61      AC: 22    Str: 16    XL:     5   Next: 3%
Magic:  8/8        EV:  2    Int: 12    God:    Elyvilon [......]
Gold:   184        SH:  0    Dex: 11    Spells: 8/8 levels left

rFire   . . .        a - +2 short sword
rCold   . . .        (no shield)
rNeg    . . .        f - melded +1 ring mail
rPois   +            (helmet currently unavailable)
rElec   .            (cloak currently unavailable)
rCorr   .            (gloves currently unavailable)
SInv    .            d - melded +0 pair of boots
Will    .....        (no amulet)
Stlth   +            (no ring)
HPRegen 0.30/turn    (no ring)
MPRegen 0.11/turn

%: no passive effects
@: on fire, tree-form, glowing
A: stationary, stasis, torment immunity, boosted hp, explore regen
a: Renounce Religion


You were on level 3 of the Dungeon.
You worshipped Elyvilon.
Elyvilon was noncommittal.
You were a tree.
You visited 1 branch of the dungeon, and saw 3 of its levels.

You collected 184 gold pieces.

Inventory:

Hand Weapons
 a - a +2 short sword (weapon)
Armour
 d - a +0 pair of boots (melded)
 f - a +1 ring mail (melded)
Scrolls
 c - a scroll of fog
 e - a scroll of fear
 k - a scroll of enchant armour
Potions
 b - a potion of cancellation
 g - a potion of magic
 i - a potion of brilliance {unknown}
 j - a potion of invisibility {unknown}
 m - a potion of attraction {unknown}


   Skills:
 - Level 3.0 Fighting
 - Level 2.0 Short Blades
 - Level 1.0 Throwing
 - Level 3.0 Armour
 - Level 2.0 Dodging
 - Level 1.0 Stealth
 - Level 2.0 Spellcasting
 - Level 1.0 Translocations
 + Level 0.5 Invocations
 - Level 1.0 Shapeshifting


You had 8 spell levels left.
You didn't know any spells.
Your spell library contained the following spells:

 Spells                   Type           Power      Damage    Failure   Level
 Blink                    Tloc           6%         N/A       26%         2
 Momentum Strike          Conj/Tloc      4%         3d8       32%         2
 Frozen Ramparts          Ice            2%         1d1       63%         3
 Ozocubu's Armour         Ice            1%         N/A       63%         3
 Metabolic Englaciation   Hex/Ice        0%         N/A       100%        5


Dungeon Overview and Level Annotations

Branches:
Dungeon (3/15)

Altars:
Ashenzari
Elyvilon
Fedhas
Yredelemnul


Innate Abilities, Weirdness & Mutations

You are a tree.
Your roots penetrate the ground, keeping you stationary.
You cannot be teleported.
You are immune to unholy pain and torment.
Your maximum health is greatly increased.
Your equipment is partially melded.
You regain HP and MP as you explore.


Message History

You closely miss the bombardier beetle.
The bombardier beetle is almost dead.
The liquid fire burns you!
The giant cockroach bites you but does no damage.
You barely miss the bombardier beetle.
The bombardier beetle is almost dead.
The liquid fire burns you! The giant cockroach bites you.
The bombardier beetle bites you.
You are too injured to fight recklessly!
You hit the bombardier beetle.
You kill the bombardier beetle!
The liquid fire burns you!
* * * LOW HITPOINT WARNING * * *
The giant cockroach barely misses you.
Training target 3.0 for Fighting reached!
Your Fighting skill increases to level 3!
You need to enable at least one skill for training.
You have reached level 5!
You shake off some of the fire as you move.
The liquid fire burns you!
* * * LOW HITPOINT WARNING * * *
The giant cockroach attacks as it pursues you!
The giant cockroach closely misses you.
The giant cockroach bites you but does no damage.
You shake off some of the fire as you move.
The liquid fire burns you!
* * * LOW HITPOINT WARNING * * *
The giant cockroach attacks as it pursues you!
The giant cockroach barely misses you.
Okay, then.
It was a potion of lignification.
You turn into a tree.
Your +0 pair of boots melds into your body.
Your +1 ring mail melds into your body.
Your roots penetrate the ground.
The liquid fire burns you!
* * * LOW HITPOINT WARNING * * *
The giant cockroach bites you but does no damage.
You hit the giant cockroach.
You kill the giant cockroach!
The liquid fire burns you!
You die...

###. ...### #....
../..# ..P. ...#.#
♣..♣♣....#
♣.......#
♣_†...#.# ♣
♣...#.#
P[♣P♣♣.†#.###
...P.P.P♣....#
#............#
####.###.....###..
#.........#.[.#
#####.....#...#
#.....#...###
#..[........
#.........# .#
#.........# ..


There were no monsters in sight!

Vanquished Creatures
  A bombardier beetle (D:3)
  3 adders (D:2)
  An orc (D:3)
  8 ball pythons
  2 endoplasms (D:2)
  2 giant cockroaches (D:3)
  5 goblins
  5 hobgoblins
  6 jackals
  2 quokkas
  5 bats
  4 frilled lizards
  8 kobolds
  8 rats
60 creatures vanquished.

Notes
Turn   | Place    | Note
-------+----------+-------------------------------------------
     0 | D:1      | Armakuni the Human Wanderer began the quest for the Orb.
     0 | D:1      | Armakuni set off with the following items: a +2 short
                  | sword, a +0 scale mail, a scroll of fog; and the following
                  | spells available to memorise: Blink, Momentum Strike.
     0 | D:1      | Reached XP level 1. HP: 13/13 MP: 3/3
    62 | D:1      | Reached skill level 1 in Fighting
    82 | D:1      | Reached XP level 2. HP: 21/21 MP: 5/5
   311 | D:1      | Reached skill level 1 in Dodging
   374 | D:1      | Reached XP level 3. HP: 25/27 MP: 6/6
  1553 | D:2      | Reached XP level 4. HP: 33/33 MP: 7/7
  1838 | D:3      | Found a blossoming altar of Fedhas.
  1841 | D:3      | Found a white marble altar of Elyvilon.
  1844 | D:3      | Found a broken altar of Ashenzari.
  1844 | D:3      | Found a basalt altar of Yredelemnul.
  1852 | D:3      | Became a worshipper of Elyvilon the Healer
  1944 | D:3      | Found a faded altar of an unknown god.
  1963 | D:3      | Reached XP level 5. HP: 11/41 MP: 8/8
  1965 | D:3      | HP: 1/61 [burnt (6)]
  1966 | D:3      | Incinerated by a bombardier beetle

Illustrated notes

Levels and vault maps discovered:
D:1:      minmay_arrival_split_and_join, layout_basic
D:2:      layout_loops_ring, grunt_ministairs_6
D:3:      wad_woods_stonehenge, layout_rooms, grunt_temple_overflow_open,
          dreamdust_ecumenical_altar_grove, uniq_natasha

Skill      XL: |  1  2  3  4 |
---------------+-------------+-----
Fighting       | 1 2 3 |  3.0
Dodging        | 1 2 |  2.0
Armour         | 3 |  3.0
Short Blades   | |  2.0
Throwing       | |  1.0
Stealth        | |  1.0
Spellcasting   | |  2.0
Translocations | |  1.0
Invocations    | |  0.5
Shapeshifting  | |  1.0

Action                     |  1- 3 |  4- 6 || total
---------------------------+-------+-------++-------
  Melee: Short sword       |   144 |    73 ||   217
    Use: Scroll            |     3 |     2 ||     5
         Potion            |       |     1 ||     1
 Armour: Scale mail        |    21 |       ||    21
         Ring mail         |    95 |    60 ||   155
         Skin              |       |     1 ||     1
  Dodge: Dodged            |    72 |    47 ||   119

Table legend: (Time is in decaauts)
 A = Elapsed time spent in this place.
 B = Non-inter-level travel time spent in this place.
 C = Inter-level travel time spent in this place.
 D = Time resting spent in this place.
 E = Time spent auto-exploring this place.
 F = Levels seen in this place.
 G = Mean time per level.
                   A        B        C        D        E       F      G
               +--------+--------+--------+--------+--------+-----+--------+
         Total |   1946 |   1882 |     64 |     81 |   1227 |   3 |  648.7 |
       Dungeon |   1946 |   1882 |     64 |     81 |   1227 |   3 |  648.7 |
               +--------+--------+--------+--------+--------+-----+--------+

Top non-repeatable levels by time:
     D:2: 946 daAuts
     D:1: 779 daAuts
     D:3: 220 daAuts
